 Dungeon Crawl Stone Soup version 0.30.1-4-g462c640d31 (webtiles) character file.

Game seed: 7510164068955257614

1 ChiefBigBeans the Sneak (level 1, 0/9 HPs)
             Began as a Spriggan Enchanter on Aug 31, 2023.
             Slain by a giant cockroach (2 damage)
             ... on level 1 of the Dungeon.
             The game lasted 00:01:00 (34 turns).

ChiefBigBeans the Sneak (Spriggan Enchanter)          Turns: 34, Time: 00:01:01

Health: 0/9        AC:  2    Str:  4    XL:     1   Next: 16%
Magic:  5/5        EV: 17    Int: 16    God:
Gold:   0          SH:  0    Dex: 15    Spells: 5/5 levels left

rFire   . . .        a - +1 dagger
rCold   . . .        (no shield)
rNeg    . . .        b - +0 robe
rPois   .            (helmet restricted)
rElec   .            (no cloak)
rCorr   .            (gloves unavailable)
SInv    +            (boots unavailable)
Will    .....        (no amulet)
Stlth   +++          (no ring)
HPRegen 0.21/turn    (no ring)
MPRegen 0.09/turn

%: no passive effects
@: very quick
A: very small, no large weapons, unfitting armour, see invisible, speed 3
a: no special abilities


You were on level 1 of the Dungeon.
You visited 1 branch of the dungeon, and saw 1 of its levels.

Inventory:

Hand Weapons
 a - a +1 dagger (weapon)
Armour
 b - a +0 robe (worn)
Potions
 c - 2 potions of invisibility
 d - a potion of flight {unknown}
 e - a potion of lignification {unknown}


   Skills:
 + Level 1.1 Short Blades
 + Level 2.7 Dodging
 + Level 4.4 Stealth
 + Level 2.7 Spellcasting
 + Level 3.6 Hexes


You had 5 spell levels left.
You didn't know any spells.
Your spell library contained the following spells:

 Spells                   Type           Power      Damage    Failure   Level
 Confusing Touch          Hex            13%        N/A       13%         3
 Tukima's Dance           Hex            13%        N/A       13%         3
 Ensorcelled Hibernation  Hex/Ice        16%        N/A       14%         2
 Dazzling Flash           Conj/Hex       16%        N/A       26%         3


Dungeon Overview and Level Annotations

Branches:
Dungeon (1/15)

Altars:


Innate Abilities, Weirdness & Mutations

You are very small and have problems with some larger weapons.
You are too small for most types of armour.
You have supernaturally acute eyesight. (SInv)
You cover ground extremely quickly. (Speed+++)


Message History

Moving in this stuff is going to be slow.
Your unstable footing causes you to fumble your attack.
The bat closely misses you. The bat hits you but does no damage.
The bat misses you.
You see here a +0 robe.
You closely miss the bat. The bat misses you. The bat closely misses you.
The bat completely misses you. The bat closely misses you.
You hit the bat.
You kill the bat!
No target in view!
A hobgoblin and a giant cockroach come into view.
Found 11 gold pieces.
The hobgoblin shouts!
Found 12 gold pieces.
Found a smoky golden potion.
Found a stone staircase leading down.
The hobgoblin closely misses you.
You hit the hobgoblin but do no damage. You hit the hobgoblin but do no damage.
The hobgoblin hits you.
You closely miss the hobgoblin. The hobgoblin misses you.
The giant cockroach bites you but does no damage.
You hit the hobgoblin.
The hobgoblin is moderately wounded.
The hobgoblin hits you. The giant cockroach bites you.
* * * LOW HITPOINT WARNING * * *
You are too injured to fight recklessly!
You are too injured to fight recklessly!
You are too injured to fight recklessly!
You are too injured to fight recklessly!
You are too injured to fight recklessly!
You are too injured to fight recklessly!
The giant cockroach bites you.
* * * LOW HITPOINT WARNING * * *
The hobgoblin closely misses you. The giant cockroach barely misses you.
The hobgoblin misses you. The giant cockroach barely misses you.
The hobgoblin misses you. The giant cockroach closely misses you.
The hobgoblin completely misses you. The giant cockroach bites you.
You die...

#..~~~~~~...<...~~~
#....[...#.....#...
#......##.~...~.#
#....##..~.#.#.~..#
#...#...~.#.~.#.~..
##......~..#.~.#..~.
##.....$~..#..~..#..≈
##......~...#..~..#...
#....@.....#...~...#..
#...gB.......?.~......
#....................
#.......$.......
#...$......####
##........##
#......... ..!....>...


You could see a giant cockroach and a hobgoblin.

Vanquished Creatures
  A bat (D:1)
1 creature vanquished.

Notes
Turn   | Place    | Note
-------+----------+-------------------------------------------
     0 | D:1      | ChiefBigBeans the Spriggan Enchanter began the quest for
                  | the Orb.
     0 | D:1      | Reached XP level 1. HP: 9/9 MP: 5/5
    34 | D:1      | Slain by a giant cockroach

Illustrated notes

Levels and vault maps discovered:
D:1:      minmay_arrival_radiant_lines, layout_rooms

Action                     || total
---------------------------++-------
  Melee: Dagger            ||     7
 Armour: Robe              ||     2
  Dodge: Dodged            ||    15
